3AA
ATLANTIC CITY SONICS @ WESTWOOD SIXSHOOTERS
08/07/2023
 
TOP OF THE 1ST
Atlantic City Sonics batting - Pitching for Westwood Sixshooters : RHP Bryan Boyd
Pitching: RHP Bryan Boyd
Batting: SHB Alonso Solís 0-0: Ball
1-0: Fly out, F7 (Popup, 7S)
Batting: RHB Luis Garza 0-0: Foul Ball, location: 2F
0-1: Foul Ball, location: 2F
0-2: Foul Ball, location: 2F
0-2: Ball
1-2: Foul Ball, location: 2F
1-2: SINGLE (Groundball, 6MD)
Batting: LHB Tony Vega 0-0: Ball
1-0: Ball
2-0: Ball
3-0: Base on Balls
Luis Garza to second
Batting: RHB Henrique Shearman 0-0: Called Strike
0-1: Swinging Strike
0-2: Ball
1-2: Strikes out swinging
Batting: RHB Jim Scott 0-0: Ball
1-0: Called Strike
1-1: Foul Ball, location: 2F
1-2: Ball
2-2: Ball
3-2: Foul Ball, location: 2F
3-2: Foul Ball, location: 2F
3-2: Base on Balls
Luis Garza to third
Tony Vega to second
Batting: RHB Edgar Stephenson 0-0: Called Strike
0-1: Fly out, F8 (Flyball, 8LM)
Top of the 1st over - 0 run(s), 1 hit(s), 0 error(s), 3 left on base; Atlantic City 0 - Westwood 0
BOTTOM OF THE 1ST
Westwood Sixshooters batting - Pitching for Atlantic City Sonics : RHP R.J. Anderson
Pitching: RHP R.J. Anderson
Batting: RHB Aurelio García 0-0: Ball
1-0: Called Strike
1-1: Ball
2-1: Ball
3-1: Base on Balls
Batting: RHB David McJannett 0-0: Ball
1-0: Ball
Aurelio García steals 2nd base
2-0: Ball
3-0: Base on Balls
Batting: RHB José Carlos Pérez 0-0: Called Strike
0-1: Fly out, F9 (Flyball, 89M)
Batting: SHB Bob Rogers 0-0: Called Strike
0-1: Swinging Strike
0-2: Strikes out swinging
Batting: RHB Pedro Cortés 0-0: Fly out, F7 (Line Drive, 7M)
Bottom of the 1st over - 0 run(s), 0 hit(s), 0 error(s), 2 left on base; Atlantic City 0 - Westwood 0
TOP OF THE 2ND
Atlantic City Sonics batting - Pitching for Westwood Sixshooters : RHP Bryan Boyd
Batting: LHB Kip Burks 0-0: Ball
1-0: Ball
2-0: Called Strike
2-1: Fly out, F8 (Line Drive, 8LM)
Batting: RHB Ralph Turner 0-0: Ball
1-0: Called Strike
1-1: Foul Ball, location: 2F
1-2: Strikes out swinging
Batting: SHB David Snyder 0-0: Ball
1-0: Foul Ball, location: 2F
1-1: Foul Ball, location: 2F
1-2: Foul Ball, location: 2F
1-2: SINGLE (Line Drive, 34)
Batting: SHB Alonso Solís 0-0: Ball
1-0: Swinging Strike
1-1: Ball
David Snyder is caught stealing 2nd base
Top of the 2nd over - 0 run(s), 1 hit(s), 0 error(s), 0 left on base; Atlantic City 0 - Westwood 0
BOTTOM OF THE 2ND
Westwood Sixshooters batting - Pitching for Atlantic City Sonics : RHP R.J. Anderson
Batting: SHB Arnold Smith 0-0: Swinging Strike
0-1: Ball
1-1: Ball
2-1: Foul Ball, location: 2F
2-2: Foul Ball, location: 2F
2-2: Foul Ball, location: 2F
2-2: Ball
3-2: Base on Balls
Batting: RHB Jorge Morales 0-0: Called Strike
0-1: Ball
1-1: Ball
2-1: Ball
3-1: SINGLE (Line Drive, 7LS)
Arnold Smith to second
Batting: RHB Winston Sparks 0-0: Called Strike
0-1: Called Strike
0-2: Fielders Choice at 2nd, 5-4 (Groundball, 5)
Arnold Smith to third
Batting: LHB Keith McKnight 0-0: Ball
1-0: Fielders Choice at 2nd, 1-6 (Groundball, 15)
Batting: RHB Aurelio García 0-0: Swinging Strike
0-1: Fly out, F4 (Popup, 4MD)
Bottom of the 2nd over - 0 run(s), 1 hit(s), 0 error(s), 2 left on base; Atlantic City 0 - Westwood 0
TOP OF THE 3RD
Atlantic City Sonics batting - Pitching for Westwood Sixshooters : RHP Bryan Boyd
Batting: SHB Alonso Solís 0-0: Ball
1-0: Foul Ball, location: 2F
1-1: Ball
2-1: Swinging Strike
2-2: Ball
3-2: Base on Balls
Batting: RHB Luis Garza 0-0: Called Strike
0-1: Ball
1-1: Foul Ball, location: 2F
1-2: Ball
2-2: Strikes out swinging
Batting: LHB Tony Vega 0-0: Ball
1-0: Swinging Strike
Alonso Solís is caught stealing 2nd base
1-1: Ball
2-1: Called Strike
2-2: Strikes out swinging
Top of the 3rd over - 0 run(s), 0 hit(s), 0 error(s), 0 left on base; Atlantic City 0 - Westwood 0
BOTTOM OF THE 3RD
Westwood Sixshooters batting - Pitching for Atlantic City Sonics : RHP R.J. Anderson
Batting: RHB David McJannett 0-0: Foul Ball, location: 2F
0-1: Called Strike
0-2: Ball
1-2: SINGLE (Groundball, 56)
Batting: RHB José Carlos Pérez 0-0: Foul Ball, location: 2F
0-1: Ball
1-1: Foul Ball, location: 2F
1-2: 2-RUN HOME RUN (Flyball, 78XD), Distance : 420 ft
Batting: SHB Bob Rogers 0-0: Ball
1-0: Foul Ball, location: 2F
1-1: Called Strike
1-2: Foul Ball, location: 2F
1-2: Ground out 6-3 (Groundball, 6)
Batting: RHB Pedro Cortés 0-0: SINGLE (Line Drive, 4MD)
Batting: SHB Arnold Smith 0-0: Called Strike
0-1: Called Strike
0-2: Ball
1-2: Ball
2-2: Ball
3-2: Foul Ball, location: 2F
3-2: Base on Balls
Pedro Cortés to second
Batting: RHB Jorge Morales 0-0: Grounds into double play, 5-4-3 (Groundball, 56)
Bottom of the 3rd over - 2 run(s), 3 hit(s), 0 error(s), 1 left on base; Atlantic City 0 - Westwood 2
TOP OF THE 4TH
Atlantic City Sonics batting - Pitching for Westwood Sixshooters : RHP Bryan Boyd
Batting: RHB Henrique Shearman 0-0: Ball
1-0: Foul Ball, location: 2F
1-1: Foul Ball, location: 2F
1-2: Strikes out swinging
Batting: RHB Jim Scott 0-0: Ball
1-0: Foul Ball, location: 2F
1-1: Swinging Strike
1-2: DOUBLE (Line Drive, 78D)
Batting: RHB Edgar Stephenson 0-0: Ball
1-0: Ball
2-0: Ball
3-0: Called Strike
3-1: Ground out U3 (Groundball, 3S)
Jim Scott to third
Batting: LHB Kip Burks 0-0: Ground out 4-3 (Groundball, 4)
Top of the 4th over - 0 run(s), 1 hit(s), 0 error(s), 1 left on base; Atlantic City 0 - Westwood 2
BOTTOM OF THE 4TH
Westwood Sixshooters batting - Pitching for Atlantic City Sonics : RHP R.J. Anderson
Batting: RHB Winston Sparks 0-0: Foul Ball, location: 2F
0-1: Ball
1-1: Foul Ball, location: 2F
1-2: Fly out, F8 (Flyball, 78XD)
Batting: LHB Keith McKnight 0-0: Swinging Strike
0-1: Foul Ball, location: 2F
0-2: SINGLE (Groundball, 3L)
Batting: RHB Aurelio García 0-0: Ball
1-0: Ball
2-0: Called Strike
2-1: Ball
3-1: Base on Balls
Keith McKnight to second
Batting: RHB David McJannett 0-0: Called Strike
0-1: Ball
1-1: Swinging Strike
1-2: Strikes out swinging
Batting: RHB José Carlos Pérez 0-0: Ball
1-0: Foul Ball, location: 2F
1-1: Foul Ball, location: 2F
1-2: Fly out, F7 (Popup, 7LS)
Bottom of the 4th over - 0 run(s), 1 hit(s), 0 error(s), 2 left on base; Atlantic City 0 - Westwood 2
TOP OF THE 5TH
Atlantic City Sonics batting - Pitching for Westwood Sixshooters : RHP Bryan Boyd
Batting: RHB Ralph Turner 0-0: Ball
1-0: Ball
2-0: Called Strike
2-1: DOUBLE (Flyball, 9D)
Batting: SHB David Snyder 0-0: Called Strike
0-1: Ball
1-1: Foul Ball, location: 2F
1-2: SINGLE (Flyball, 78S)
Ralph Turner to third
Runner from 3rd tries for Home, SAFE, throw made home
David Snyder to second
Batting: SHB Alonso Solís 0-0: Called Strike
0-1: Called Strike
0-2: Ball
1-2: Ball
2-2: Fly out, F7 (Flyball, 7M)
Batting: RHB Luis Garza 0-0: Ball
1-0: Ground out 3-1 (Groundball, 34S)
David Snyder to third
Batting: LHB Tony Vega 0-0: Ball
1-0: Ball
2-0: Ball
Passed Ball!
David Snyder scores
3-0: Base on Balls
Batting: RHB Henrique Shearman 0-0: Ball
1-0: Ball
Tony Vega steals 2nd base
2-0: Foul Ball, location: 2F
2-1: Ground out 6-3 (Groundball, 6M)
Top of the 5th over - 2 run(s), 2 hit(s), 0 error(s), 1 left on base; Atlantic City 2 - Westwood 2
BOTTOM OF THE 5TH
Westwood Sixshooters batting - Pitching for Atlantic City Sonics : RHP R.J. Anderson
Batting: SHB Bob Rogers 0-0: Foul Ball, location: 2F
0-1: Swinging Strike
0-2: Fly out, F8 (Flyball, 78M)
Batting: RHB Pedro Cortés 0-0: Ball
1-0: DOUBLE (Flyball, 9D)
Batting: SHB Arnold Smith 0-0: Foul Ball, location: 2F
0-1: Foul Ball, location: 2F
0-2: Strikes out looking
Batting: RHB Jorge Morales 0-0: SINGLE (Groundball, 4MD)
Pedro Cortés to third
Runner from 3rd tries for Home, SAFE, no throw or cutoff
Batting: RHB Winston Sparks 0-0: Ball
1-0: Ball
2-0: Ball
3-0: Called Strike
3-1: Called Strike
3-2: SINGLE (Line Drive, 56)
Jorge Morales to second
Jorge Morales to third
Batting: LHB Keith McKnight 0-0: Fly out, F7 (Flyball, 78M)
Bottom of the 5th over - 1 run(s), 3 hit(s), 0 error(s), 2 left on base; Atlantic City 2 - Westwood 3
TOP OF THE 6TH
Atlantic City Sonics batting - Pitching for Westwood Sixshooters : RHP Bryan Boyd
Batting: RHB Jim Scott 0-0: SINGLE (Line Drive, 8RS)
Batting: RHB Edgar Stephenson 0-0: Foul Ball, location: 2F
0-1: Ball
1-1: Sac Bunt - play at first, batter OUT! 2-3
Jim Scott to second
Batting: LHB Kip Burks 0-0: Ball
1-0: Ball
2-0: Ball
3-0: Base on Balls
Batting: RHB Ralph Turner 0-0: Foul Ball, location: 2F
0-1: Called Strike
0-2: Ball
1-2: Grounds into double play, U6-3 (Groundball, 6)
Top of the 6th over - 0 run(s), 1 hit(s), 0 error(s), 1 left on base; Atlantic City 2 - Westwood 3
BOTTOM OF THE 6TH
Westwood Sixshooters batting - Pitching for Atlantic City Sonics : RHP R.J. Anderson
Batting: RHB Aurelio García 0-0: SOLO HOME RUN (Flyball, 7LD), Distance : 349 ft
Batting: RHB David McJannett 0-0: Called Strike
0-1: Called Strike
0-2: Ball
1-2: Fly out, F8 (Flyball, 8LM)
Batting: RHB José Carlos Pérez 0-0: Called Strike
0-1: SINGLE (Line Drive, 8RS)
Batting: SHB Bob Rogers 0-0: Swinging Strike
0-1: Ball
1-1: Swinging Strike
1-2: Strikes out swinging
Batting: RHB Pedro Cortés 0-0: Foul Ball, location: 2F
0-1: Swinging Strike
0-2: Ball
1-2: Foul Ball, location: 2F
1-2: Strikes out looking
Bottom of the 6th over - 1 run(s), 2 hit(s), 0 error(s), 1 left on base; Atlantic City 2 - Westwood 4
TOP OF THE 7TH
Atlantic City Sonics batting - Pitching for Westwood Sixshooters : RHP Bryan Boyd
Batting: SHB David Snyder 0-0: Called Strike
0-1: Foul Ball, location: 2F
0-2: SINGLE (Groundball, 34D) (infield hit)
Batting: SHB Alonso Solís 0-0: Swinging Strike
0-1: Ball
1-1: Bunted foul
1-2: Ball
2-2: Strikes out looking
David Snyder steals 2nd base
Batter strikes out.
Pitching: LHP Don Bender
Batting: RHB Luis Garza 0-0: Swinging Strike
0-1: Ball
1-1: Foul Ball, location: 2F
1-2: Foul Ball, location: 2F
1-2: Ball
2-2: Strikes out looking
Batting: LHB Tony Vega 0-0: Ball
1-0: Ball
2-0: Ball
3-0: Base on Balls
Batting: RHB Henrique Shearman 0-0: Ball
1-0: Ball
2-0: Foul Ball, location: 2F
2-1: Swinging Strike
2-2: Fly out, F8 (Flyball, 8RM)
Top of the 7th over - 0 run(s), 1 hit(s), 0 error(s), 2 left on base; Atlantic City 2 - Westwood 4
BOTTOM OF THE 7TH
Westwood Sixshooters batting - Pitching for Atlantic City Sonics : RHP R.J. Anderson
Batting: SHB Arnold Smith 0-0: Called Strike
0-1: Ball
1-1: Swinging Strike
1-2: Ground out 6-3 (Groundball, 6M)
Batting: RHB Jorge Morales 0-0: Foul Ball, location: 2F
0-1: Ball
1-1: Ball
2-1: Ball
3-1: Foul Ball, location: 2F
3-2: DOUBLE (Flyball, 7LM)
Pitching: LHP Manuel Sánchez
Batting: RHB Winston Sparks 0-0: Ball
1-0: DOUBLE (Line Drive, 7LS)
Jorge Morales scores
Batting: LHB Keith McKnight 0-0: Ball
1-0: Ball
2-0: Called Strike
2-1: Ball
3-1: Foul Ball, location: 2F
3-2: Base on Balls
Batting: RHB Aurelio García 0-0: Foul Ball, location: 2F
0-1: Foul Ball, location: 2F
0-2: Fly out, F9 (Line Drive, 9D)
Runner from 2nd tags up, SAFE at 3rd, no throw
Batting: RHB David McJannett 0-0: Called Strike
0-1: Ball
1-1: Ball
2-1: Swinging Strike
2-2: Ball
3-2: Foul Ball, location: 2F
3-2: Foul Ball, location: 2F
3-2: Strikes out looking
Bottom of the 7th over - 1 run(s), 2 hit(s), 0 error(s), 2 left on base; Atlantic City 2 - Westwood 5
TOP OF THE 8TH
Atlantic City Sonics batting - Pitching for Westwood Sixshooters : LHP Don Bender
Now at SS: Jorge Alderete
Batting: RHB Jim Scott 0-0: SINGLE (Flyball, 7S)
Pitching: RHP José Barajas
Batting: RHB Edgar Stephenson 0-0: Ball
1-0: Foul Ball, location: 2F
1-1: Ball
2-1: Fly out, F8 (Flyball, 8RXD)
Batting: LHB Kip Burks 0-0: Ball
1-0: Swinging Strike
1-1: Swinging Strike
1-2: Strikes out looking
Batting: RHB Ralph Turner 0-0: Ball
1-0: Foul Ball, location: 2F
1-1: Ball
2-1: Foul Ball, location: 2F
2-2: Strikes out swinging
Top of the 8th over - 0 run(s), 1 hit(s), 0 error(s), 1 left on base; Atlantic City 2 - Westwood 5
BOTTOM OF THE 8TH
Westwood Sixshooters batting - Pitching for Atlantic City Sonics : LHP Manuel Sánchez
Batting: RHB José Carlos Pérez 0-0: Foul Ball, location: 2F
0-1: Foul Ball, location: 2F
0-2: Ball
1-2: Strikes out looking
Batting: SHB Bob Rogers 0-0: Ball
1-0: Ball
2-0: Ball
3-0: Called Strike
3-1: Called Strike
3-2: Base on Balls
Batting: RHB Pedro Cortés 0-0: Ball
1-0: SINGLE (Groundball, 56D)
Bob Rogers to second
Batting: SHB Arnold Smith 0-0: Reached on Error, E9 (Flyball, 9M)
Bob Rogers to third
Pedro Cortés to second
Batting: RHB Jorge Morales 0-0: Called Strike
0-1: Swinging Strike
0-2: Ball
1-2: Ball
2-2: Fly out, F9 (Flyball, 9S)
Pinch Hitting: RHB Jason Boyer 0-0: Ball
1-0: Ground out 1-3 (Groundball, 23)
Bottom of the 8th over - 0 run(s), 1 hit(s), 1 error(s), 3 left on base; Atlantic City 2 - Westwood 5
TOP OF THE 9TH
Atlantic City Sonics batting - Pitching for Westwood Sixshooters : RHP José Barajas
Pitching: RHP Cisco Ortega
Now at C: Richard Hicks
Now at 1B: Don Thomas
Now at SS: Luis Medina
Now in LF: Brian Boone
Batting: SHB David Snyder 0-0: Ball
1-0: Foul Ball, location: 2F
1-1: Fly out, F7 (Flyball, 7M)
Batting: SHB Alonso Solís 0-0: Swinging Strike
0-1: Swinging Strike
0-2: Ball
1-2: Foul Ball, location: 2F
1-2: Strikes out swinging
Batting: RHB Luis Garza 0-0: Foul Ball, location: 2F
0-1: Ground out 4-3 (Groundball, 4)
Top of the 9th over - 0 run(s), 0 hit(s), 0 error(s), 0 left on base; Atlantic City 2 - Westwood 5
This league is powered by Out of the Park Baseball, the baseball management simulation game for PC, Mac and Linux
Friday, July 8th, 2016 - OOTP Baseball 16.9 Build 39